 Dungeon Crawl Stone Soup version 0.25.1-2-g60ff931df9 (webtiles) character file.

Game seed: 14721267163540979959

35790 Chiseanne the Destroyer (level 13, 69/94 HPs)
             Began as a Demonspawn Wizard on Oct 3, 2020.
             Was a Priest of Vehumet.
             Quit the game on level 2 of the Abyss.
             The game lasted 01:29:52 (32578 turns).

Chiseanne the Destroyer (Demonspawn Wizard)        Turns: 32578, Time: 01:29:53

Health: 69/94      AC: 12    Str: 14    XL:     13   Next: 49%
Magic:  29/29      EV: 27    Int: 23    God:    Vehumet [***...]
Gold:   716        SH:  0    Dex: 13    Spells: 27/37 levels left

rFire    + . .     SeeInvis .   f - +5 dagger (venom)
rCold    + . .     Gourm    .   (no shield)
rNeg     . . .     Faith    .   R - +2 robe {rF+}
rPois    .         Spirit   .   t - +2 hat
rElec    .         Reflect  .   y - +1 cloak
rCorr    .         Harm     .   O - +2 pair of gloves
MR       .....                  (boots unavailable)
Stlth    ++........             I - amulet of the acrobat
HPRegen  0.25/turn              s - +6 ring of strength
MPRegen  0.21/turn              E - ring of protection from cold

@: acrobat
A: talons 3, powered by death 2, rot immunity, sanguine armour 3
a: Renounce Religion


You were on level 2 of the Abyss.
You worshipped Vehumet.
Vehumet was most pleased with you.
You were hungry.

You visited 2 branches of the dungeon, and saw 15 of its levels.
You visited the Abyss 1 time.

You collected 1022 gold pieces.
You spent 306 gold pieces at shops.

Inventory:

Hand Weapons
 a - a +3 vorpal flail
 f - a +5 dagger of venom (weapon)
 w - a +0 hunting sling
 D - a +2 shortbow of flaming
 H - a +2 dagger of electrocution
 J - a +2 dagger of freezing
 Z - a +2 scimitar of flaming
Missiles
 i - 113 bolts
 x - 28 sling bullets
 C - 366 arrows
 L - 2 silver boomerangs
 X - 3 throwing nets
 Y - 7 poisoned darts (quivered)
Armour
 c - a +0 kite shield
 r - a +0 troll leather armour
 t - a +2 hat (worn)
 y - a +1 cloak (worn)
 O - a +2 pair of gloves (worn)
 R - a +2 robe of fire resistance (worn)
Magical Staves
 k - an uncursed staff of conjuration
Jewellery
 s - a +6 ring of strength (left hand)
 E - a ring of protection from cold (right hand)
 I - an amulet of the acrobat (around neck)
 M - an uncursed amulet of guardian spirit
 S - an uncursed ring of see invisible
 V - an uncursed amulet of regeneration
Wands
 g - a wand of enslavement (1)
 W - a wand of disintegration (9)
Scrolls
 l - 9 scrolls of remove curse
 n - 7 scrolls of identify
 u - 3 scrolls of amnesia
 B - 3 scrolls of magic mapping
 F - 3 scrolls of blinking
 G - 3 scrolls of fog
 N - 2 scrolls of fear
 U - a scroll of summoning
Potions
 b - 4 potions of stabbing
 e - 2 potions of heal wounds
 h - 5 potions of haste
 j - 8 potions of curing
 m - 5 potions of flight
 o - a potion of invisibility
 p - a potion of resistance
 q - 8 potions of degeneration
 v - 3 potions of brilliance
 z - 3 potions of lignification
 A - 2 potions of berserk rage
 K - a potion of ambrosia
 P - 4 potions of mutation
 Q - 2 potions of might
Comestibles
 d - 15 rations


   Skills:
 + Level 6.3 Fighting
 - Level 10.9 Armour
 - Level 1.7 Dodging
 - Level 1.7 Stealth
 - Level 12.6 Spellcasting
 - Level 13.3 Conjurations
   Level 1.0 Summonings
 - Level 0.8 Translocations


You had 27 spell levels left.
You knew the following spells:

 Your Spells              Type           Power        Failure   Level  Hunger
a - Magic Dart            Conj           ####         0%          1    None
b - Blink                 Tloc           N/A          4%          2    None
c - Foxfire               Conj/Fire      ####         1%          1    None
d - Mephitic Cloud        Conj/Pois/Air  #####...     1%          3    None
e - Frozen Ramparts       Ice            ##....       3%          3    None

Your spell library contained the following spells:

 Spells                   Type           Power        Failure   Level  Hunger
 Conjure Flame            Conj/Fire      #####...     1%          3    None
 Summon Small Mammal      Summ           ###.         2%          1    None
 Infusion                 Chrm           ##..         4%          1    None
 Call Imp                 Summ           ###.....     4%          2    None
 Shroud of Golubria       Chrm/Tloc      ###...       5%          2    None
 Slow                     Hex            ##......     6%          2    None
 Song of Slaying          Chrm           ##......     6%          2    None
 Call Canine Familiar     Summ           ###.....     9%          3    None
 Gell's Gravitas          Tloc           ###.......   9%          3    None
 Summon Guardian Golem    Hex/Summ       ###.....     11%         3    None
 Confusing Touch          Hex            ##......     13%         3    None
 Ozocubu's Armour         Chrm/Ice       ##......     13%         3    None
 Spectral Weapon          Hex/Chrm       ##......     13%         3    None
 Yara's Violent Unravell  Hex/Tmut       ##........   28%         5    ###....
 Summon Ice Beast         Ice/Summ       ###.....     34%         4    None
 Summon Lightning Spire   Summ/Air       ###.....     34%         4    None
 Petrify                  Tmut/Erth      ##......     38%         4    None
 Metabolic Englaciation   Hex/Ice        ##........   75%         5    ###....


Dungeon Overview and Level Annotations

Branches:
Dungeon (14/15)            Temple (1/1) D:7            Lair (0/6) D:11
    Orc (0/2) D:9
 Vaults: D:13-14

Altars:
Ashenzari
Cheibriados
Dithmenos
Elyvilon
Fedhas
Gozag
Hepliaklqana
Kikubaaqudgha
Makhleb
Nemelex Xobeh
Okawaru
Qazlal
Ru
Sif Muna
Trog
Uskayaw
Vehumet
Wu Jian
Xom
Yredelemnul
Zin
The Shining One

Shops:
D:4 =[!   D:9 }   D:13 *

Annotations:
D:3 3 runed translucent doors, kthxbai's ghost, amateur HOMo
D:5 2 transporters


Innate Abilities, Weirdness & Mutations

You have claws for feet.
You regenerate health from kills.
You are immune to rotting.
When seriously injured, your bleeding wounds create very thick armour. (AC +0)


Message History

The raiju is engulfed in noxious fumes.
The raiju appears confused.
Throwing (i - inventory. (/) - cycle)
Y - 8 poisoned darts (quivered)
Press: ? - help, Shift-Dir - straight line, f/p - raiju
Aim: a raiju (noxious fumes, severely wounded, confused, extremely poisoned)
You throw a poisoned dart. The poisoned dart hits the raiju.
The raiju looks as sick as possible!
The raiju is severely wounded.
The raiju is engulfed in noxious fumes.
The raiju appears confused.
The raiju is engulfed in noxious fumes.
You kill the raiju!
Vehumet accepts your kill.
You feel your power returning.
Your blood armour dries and flakes away.
A Hell Sentinel comes into view.
The Hell Sentinel roars!
You hear a bark!
The Hell Sentinel gestures at you. The iron shot misses you.
Evoke which item? (* to show all) (? for menu, Esc to quit)
Okay, then.
Are you sure you want to abandon this character and quit the game? (Confirm with "yes".)

.# ##. #. #
.# ####...
## . #.1# #
. . .. #
#.#.1# . .
#.#. #@# .#
.#.. .. # .
#.#.#.# ...
# . #...
###.#....##
# ## . ..
.#..... .
.## .#...
#...## # .
#.. ... .
......# . #
... #..##
.# ## # #
.# . .
.###.#.. #.
#..#(#..
#..##


You could see a Hell Sentinel.

Vanquished Creatures
  Josephine (D:10)
  2 vault guards (D:14)
  A hydra (D:13)
  Harold (D:9)
  3 centaur warriors
  Erica (D:9)
  5 two-headed ogres
  A tengu warrior (D:13)
  A deep elf knight (D:14)
  A deep elf archer (D:14)
  3 orc knights (D:14)
  A deep elf mage (D:13)
  13 ugly things
  3 cyclopes
  2 manticores
  A centaur zombie (D:11)
  Maurice (D:11)
  2 gargoyles
  Psyche (D:7)
  2 kobold demonologists (D:13)
  A tengu conjurer (D:14)
  2 trolls
  2 hornets (D:12)
  3 slime creatures (D:13)
  A raiju (Abyss:2)
  3 hippogriffs
  2 wraiths (D:10)
  4 wyverns
  Sigmund (D:3)
  A basilisk (D:12)
  4 hogs (D:7)
  13 yaks
  A human (D:7)
  4 vampire mosquitoes (D:13)
  A steam dragon (D:11)
  A hungry ghost (D:10)
  Menkaure (D:7)
  Edmund (D:4)
  5 porcupines
  An acid dragon (D:14)
  2 ice beasts
  2 slaves (D:7)
  6 orc warriors
  2 sky beasts (D:7)
  4 black bears
  A necrophage (D:13)
  2 phantoms
  6 ogres
  2 crocodiles
  6 centaurs
  3 big kobolds
  6 bullfrogs
  A wyvern zombie (D:6)
  A wyvern skeleton (D:7)
  A killer bee (D:11)
  6 scorpions
  11 wights
  11 howler monkeys
  4 crimson imps
  A quasit (D:10)
  8 hounds
  4 centaur skeletons
  8 orc priests
  2 bullfrog skeletons
  3 jellies
  12 orc wizards
  Terence (D:3)
  5 iguanas
  Natasha (thrice) (D:3)
  8 worker ants
  A killer bee zombie (D:7)
  A hound skeleton (D:5)
  A howler monkey zombie (D:7)
  2 worker ant zombies
  Robin (D:2)
  11 adders
  A howler monkey skeleton (D:4)
  A shadow imp (D:7)
  An adder skeleton (D:6)
  A worm (D:2)
  2 dart slugs
  6 leopard geckos
  48 orcs
  11 giant cockroaches
  14 goblins
  7 hobgoblins
  9 jackals
  18 kobolds
  5 quokkas
  A ball python (D:3)
  6 bats
  5 frilled lizards
  A quokka skeleton (D:5)
  A quokka zombie (D:8)
  4 rats
  2 plants (D:11)
391 creatures vanquished.

Vanquished Creatures (collateral kills)
  A centaur warrior (D:13)
  An ugly thing (D:13)
  A slime creature (D:13)
3 creatures vanquished.

Vanquished Creatures (others)
  An ugly thing (D:13)
  An efreet (D:14)
  An ice beast (D:11)
  A sky beast (D:14)
  A centaur (D:13)
  An orc (D:13)
  107 foxfires
  21 fungi (D:11)
  6 plants (D:11)
140 creatures vanquished.

Grand Total: 534 creatures vanquished

Notes
Turn   | Place    | Note
-------+----------+-------------------------------------------
     0 | D:1      | Chiseanne the Demonspawn Wizard began the quest for the
                  | Orb.
     0 | D:1      | Reached XP level 1. HP: 13/13 MP: 4/4
   622 | D:1      | Gained mutation: You are immune to rotting. [demonic
                  | ancestry]
   622 | D:1      | Reached XP level 2. HP: 17/19 MP: 0/6
  1135 | D:1      | Reached skill level 2 in Conjurations
  1849 | D:2      | Learned a level 2 spell: Blink
  1859 | D:2      | Gained mutation: You have sharp toenails. [demonic
                  | ancestry]
  1859 | D:2      | Reached XP level 3. HP: 24/24 MP: 4/8
  1934 | D:2      | Learned a level 3 spell: Mephitic Cloud
  2433 | D:2      | Noticed Robin
  2989 | D:2      | Killed Robin
  3095 | D:2      | Reached XP level 4. HP: 30/30 MP: 7/9
  3320 | D:3      | Noticed Natasha
  3327 | D:3      | Killed Natasha
  3327 | D:3      | Reached skill level 3 in Conjurations
  4028 | D:3      | Reached XP level 5. HP: 35/35 MP: 2/11
  4265 | D:3      | Noticed Terence
  4631 | D:3      | Noticed Sigmund
  4646 | D:3      | Killed Sigmund
  4646 | D:3      | Reached skill level 5 in Spellcasting
  4646 | D:3      | Reached skill level 4 in Conjurations
  4646 | D:3      | Gained mutation: When seriously injured, your bleeding
                  | wounds create armour. (AC +0) [demonic ancestry]
  4646 | D:3      | Reached XP level 6. HP: 17/41 MP: 6/13
  5134 | D:3      | Found a runed translucent gate.
  5134 | D:3      | Found a runed translucent gate.
  5134 | D:3      | Found an opulent altar of Gozag.
  5134 | D:3      | Found a runed translucent gate.
  5136 | D:3      | Noticed kthxbai's ghost (amateur HOMo)
  5380 | D:3      | Killed Terence
  5503 | D:3      | Noticed Natasha
  5521 | D:3      | Killed Natasha
  5521 | D:3      | Reached skill level 5 in Conjurations
  5539 | D:3      | Noticed Natasha
  5553 | D:3      | Killed Natasha
  6085 | D:3      | Gained mutation: You have razor-sharp toenails. [demonic
                  | ancestry]
  6085 | D:3      | Reached XP level 7. HP: 21/46 MP: 1/15
  6525 | D:4      | Found Biane's Jewellery Shoppe.
  6552 | D:4      | Reached skill level 6 in Conjurations
  7045 | D:4      | Found Ceshryeh's Distillery.
  7056 | D:4      | Bought a potion of heal wounds for 65 gold pieces
  7056 | D:4      | Bought a potion of brilliance for 52 gold pieces
  7056 | D:4      | Bought a potion of lignification for 39 gold pieces
  7056 | D:4      | Bought a potion of degeneration for 13 gold pieces
  7056 | D:4      | Bought a potion of berserk rage for 65 gold pieces
  7074 | D:4      | Noticed Edmund
  7100 | D:4      | Killed Edmund
  7265 | D:4      | Found Ivoxico's Antique Armour Emporium.
  7344 | D:4      | Found a glowing golden altar of the Shining One.
  7370 | D:4      | Gained mutation: You regenerate a little health from kills.
                  | [demonic ancestry]
  7370 | D:4      | Reached XP level 8. HP: 45/52 MP: 4/18
  7509 | D:4      | Reached skill level 1 in Armour
  7670 | D:5      | Entered Level 5 of the Dungeon
  7899 | D:5      | HP: 2/52 [centaur/iceblast (13)]
  8259 | D:5      | Found a transporter.
  8328 | D:5      | Found a transporter.
  8616 | D:5      | Reached skill level 7 in Conjurations
  9436 | D:6      | Found a white marble altar of Elyvilon.
 10251 | D:7      | Noticed Menkaure
 10395 | D:7      | Killed Menkaure
 10448 | D:7      | Gained mutation: You have claws for feet. [demonic
                  | ancestry]
 10448 | D:7      | Reached XP level 9. HP: 38/57 MP: 6/20
 11036 | D:7      | Reached skill level 8 in Conjurations
 11192 | D:7      | Found a shattered altar of Ashenzari.
 11498 | D:7      | Found a staircase to the Ecumenical Temple.
 11554 | Temple   | Entered the Ecumenical Temple
 11707 | Temple   | Became a worshipper of Vehumet
 12199 | D:8      | Noticed Psyche
 12219 | D:7      | Killed Psyche
 12219 | D:7      | Reached skill level 5 in Armour
 12735 | D:8      | Found a basalt altar of Yredelemnul.
 12769 | D:8      | Reached skill level 9 in Conjurations
 12991 | D:8      | Noticed a two-headed ogre
 13024 | D:8      | Killed a two-headed ogre
 13024 | D:8      | Gained mutation: When seriously injured, your bleeding
                  | wounds create thick armour. (AC +0) [demonic ancestry]
 13024 | D:8      | Reached XP level 10. HP: 35/63 MP: 1/23
 13982 | D:9      | Found Uvoob's Gadget Emporium.
 14045 | D:9      | Reached * piety under Vehumet
 14045 | D:9      | Offered knowledge of Foxfire by Vehumet.
 14066 | D:9      | Learned a level 1 spell: Foxfire
 14296 | D:9      | Noticed Harold
 14346 | D:9      | Killed Harold
 14365 | D:9      | Noticed Erica
 14704 | D:9      | Found a stormy altar of Qazlal.
 14705 | D:9      | Killed Erica
 14705 | D:9      | Reached skill level 10 in Conjurations
 14936 | D:9      | Found a staircase to the Orcish Mines.
 15338 | D:10     | Entered Level 10 of the Dungeon
 16633 | D:10     | Reached skill level 10 in Spellcasting
 17149 | D:11     | Noticed a purple ugly thing
 17186 | D:10     | Killed a purple ugly thing
 17186 | D:10     | Gained mutation: When seriously injured, your bleeding
                  | wounds create very thick armour. (AC +0) [demonic ancestry]
 17186 | D:10     | Reached XP level 11. HP: 48/68 MP: 6/25
 17477 | D:11     | Offered knowledge of Sandblast by Vehumet.
 17501 | D:11     | Noticed Maurice
 17559 | D:10     | Reached ** piety under Vehumet
 18098 | D:11     | Found a staircase to the Lair.
 18123 | D:11     | Killed Maurice
 18448 | D:11     | Noticed a two-headed ogre
 18457 | D:11     | Killed a two-headed ogre
 18457 | D:11     | Reached skill level 11 in Conjurations
 18586 | D:11     | Noticed a two-headed ogre
 18698 | D:10     | Killed a two-headed ogre
 19317 | D:11     | Noticed Josephine
 19797 | D:10     | Killed Josephine
 20706 | D:11     | Noticed a five-headed hydra
 20886 | D:11     | Noticed a cyan ugly thing
 21980 | D:11     | Noticed a five-headed hydra
 22407 | D:11     | Killed a white ugly thing
 22407 | D:11     | Gained mutation: You regenerate health from kills. [demonic
                  | ancestry]
 22407 | D:11     | Reached XP level 12. HP: 74/74 MP: 13/27
 22640 | D:12     | Noticed a two-headed ogre
 22660 | D:12     | Killed a two-headed ogre
 23087 | D:12     | Reached skill level 12 in Conjurations
 23552 | D:12     | Offered knowledge of Dazzling Flash by Vehumet.
 24368 | D:13     | Reached *** piety under Vehumet
 24508 | D:13     | Found Alejite's Assorted Antiques.
 24529 | D:13     | Bought a scroll labeled ZOYQIN MECAJU for 36 gold pieces
 24529 | D:13     | Bought a scroll labeled ZOYQIN MECAJU for 36 gold pieces
 24538 | D:13     | Noticed a centaur warrior
 24550 | D:13     | Killed a centaur warrior
 24622 | D:13     | Noticed a two-headed ogre
 24648 | D:13     | Killed a two-headed ogre
 24648 | D:13     | Reached skill level 10 in Armour
 26213 | D:13     | Offered knowledge of Frozen Ramparts by Vehumet.
 26246 | D:13     | Learned a level 3 spell: Frozen Ramparts
 26620 | D:14     | Noticed a four-headed hydra
 26653 | D:14     | Noticed a centaur warrior
 27684 | D:14     | Killed a centaur warrior
 27770 | D:14     | Noticed a tengu warrior
 27814 | D:13     | Killed a tengu warrior
 27814 | D:13     | Reached skill level 13 in Conjurations
 28044 | D:13     | Reached XP level 13. HP: 40/79 MP: 15/29
 30995 | D:13     | Reached skill level 1 in Fighting
 32116 | D:14     | Reached skill level 5 in Fighting
 32391 | D:14     | Cast into level 2 of the Abyss (a wizard)
 32431 | Abyss:2  | Identified the +5 ring mail of Ynist {MR++ Str+3} (You
                  | found it on level 2 of the Abyss)
 32446 | Abyss:2  | Found a corrupted altar of Lugonu.
 32446 | Abyss:2  | Noticed a starcursed mass
 32472 | Abyss:2  | Noticed a starcursed mass
 32574 | Abyss:2  | Noticed a Hell Sentinel
 32578 | Abyss:2  | Quit the game

Illustrated notes

Levels and vault maps discovered:
D:1:      scummos_arrival_checkerplants, layout_basic
D:2:      layout_rooms, uniq_robin
D:3:      layout_loops_corners, ebering_ghost_gozag, first_ration, uniq_natasha,
          uniq_terence, uniq_sigmund
D:4:      layout_basic, serial_shops, shop, nicolae_shop_overgrown_old_shop,
          shop, tso_altar, uniq_edmund
D:5:      gammafunk_wand_slinger, layout_gridville, chequers_serial_rivers_marsh
D:6:      layout_loops_ring, kennysheep_mini_moat
D:7:      layout_gridville, minmay_temple_entry_overgrown, grunt_livestock,
          grunt_decor_mini_mirrors, evilmike_ruin_ashenzari, uniq_menkaure,
          uniq_pikel
D:8:      layout_loops_cross, yredelemnul_altar_generic, uniq_psyche
D:9:      layout_irregular_city, orc_0_dummy, basic_altar, serial_shops, shop,
          uniq_erica, uniq_harold
D:10:     layout_cave_pools, st_stairs_9
D:11:     cheibrodos_ideogram_h, layout_gridville, due_lair_maze_entry_diamond,
          uniq_josephine, uniq_maurice
D:12:     layout_loops_ring
D:13:     layout_basic, serial_shops, shop_fountains
D:14:     layout_cave_pools, grunt_vaults_entry_fortified,
          chequers_serial_rivers_room_b, nicolae_wand_duel
Temple:   minmay_crystal_snake_temple
Abyss:2:  base: D:10, hangedman_abyss_or_decor_jellyfish_corner

Skill      XL: |  1  2  3  4  5  6  7  8  9 10 11 12 13 |
---------------+----------------------------------------+-----
Conjurations   | 2 3 4 5 6 7 9 10 11 13 | 13.3
Spellcasting   | 4 5 6 7 9 10 11 12 | 12.6
Armour         | 3 5 7 9 10 | 10.9
Fighting       | 6 |  6.3
Dodging        | |  1.7
Stealth        | |  1.7
Summonings     | |  1.0
Translocations | |  0.8

Action                   |  1- 3 |  4- 6 |  7- 9 | 10-12 | 13-15 || total
-------------------------+-------+-------+-------+-------+-------++-------
Melee: Unarmed           |    10 |       |       |       |       ||    10
       Whip              |     9 |       |       |       |       ||     9
       Mace              |    16 |       |       |       |       ||    16
       Kick              |     3 |    15 |    26 |    98 |    48 ||   190
       Trident           |       |    50 |     7 |       |       ||    57
       Flail             |       |       |    91 |   168 |    14 ||   273
       Halberd           |       |       |     3 |    69 |       ||    72
       Dagger            |       |       |       |    72 |   112 ||   184
       Scimitar          |       |       |       |       |    23 ||    23
Throw: Dart              |       |       |     5 |   227 |    56 ||   288
       Boomerang         |       |       |       |    16 |     6 ||    22
       Throwing net      |       |       |       |     1 |       ||     1
 Cast: Magic Dart        |   106 |   104 |   345 |   651 |    13 ||  1219
       Mephitic Cloud    |     1 |    14 |    23 |   164 |    60 ||   262
       Blink             |       |     1 |    18 |    97 |    25 ||   141
       Foxfire           |       |       |       |    69 |     1 ||    70
       Frozen Ramparts   |       |       |       |     3 |       ||     3
Evoke: Wand              |       |       |     5 |    28 |    13 ||    46
  Use: Scroll            |       |     5 |     8 |    17 |     4 ||    34
       Potion            |       |       |       |     2 |     3 ||     5
 Stab: Confused          |       |     1 |     4 |    25 |    16 ||    46
       Sleeping          |       |     1 |       |       |       ||     1
  Eat: Chunk             |     7 |     6 |    14 |    24 |       ||    51
       Ration            |       |     1 |     2 |     7 |     4 ||    14
Armor: Robe              |    16 |    23 |    56 |   259 |   102 ||   456
Dodge: Dodged            |    57 |    56 |   163 |   404 |   202 ||   882
       Rpst.: Scimitar   |       |       |       |       |     7 ||     7
